 Dungeon Crawl Stone Soup version 0.26-a0-651-gb41185065b (webtiles) character file.

Game seed: 3977651638457344888

(classic levelgen) 18927 EnegeticOcto the Cleaver (level 12, -10/112 HPs)
             Began as a Deep Dwarf Fighter on Oct 9, 2020.
             Was an Elder of Makhleb.
             Mangled by a white ugly thing (18 damage)
             ... on level 14 of the Dungeon.
             The game lasted 00:06:16 (6561 turns).

EnegeticOcto the Cleaver (Deep Dwarf Fighter)       Turns: 6561, Time: 00:06:16

Health: -10/112    AC: 24    Str: 25    XL:     12   Next: 32%
Magic:  4/4        EV:  6    Int:  9    God:    Makhleb [****..]
Gold:   117        SH: 18    Dex: 18    Spells: 11/11 levels left

rFire    . . .     SeeInvis .   a - +1 broad axe (venom)
rCold    . . .     Faith    .   c - +0 kite shield
rNeg     . . .     Spirit   .   z - +0 plate armour
rPois    .         Reflect  +   g - +2 helmet
rElec    .         Harm     .   u - +2 cloak
rCorr    .         Rampage  .   (no gloves)
MR       +....                  e - +2 pair of boots
Stlth    ..........             m - amulet of reflection (curse)
HPRegen  0.00/turn              j - +6 ring of dexterity
MPRegen  0.09/turn              (no ring)

@: lethally poisoned (-10 -> -10), non-regenerating
A: damage resistance, heal wounds, sense surroundings 2, no regeneration
a: Heal Wounds, Minor Destruction, Lesser Servant of Makhleb, Major Destruction,
Renounce Religion


You were on level 14 of the Dungeon.
You worshipped Makhleb.
Makhleb was greatly pleased with you.
You visited 2 branches of the dungeon, and saw 14 of its levels.

You collected 689 gold pieces.
You spent 572 gold pieces at shops.

Inventory:

Hand Weapons
 a - a +1 broad axe of venom (weapon)
 C - a +0 war axe of flaming
Armour
 c - a +0 kite shield (worn)
 e - a +2 pair of boots (worn)
 g - a +2 helmet (worn)
 u - a +2 cloak (worn)
 z - a +0 plate armour (worn)
Jewellery
 j - a +6 ring of dexterity (left hand)
 l - an uncursed ring of resist corrosion {unknown}
 m - a cursed amulet of reflection (around neck)
Wands
 y - a wand of iceblast (10) {@v2}
 A - a wand of acid (9) {@v1}
 D - a wand of polymorph (4)
Scrolls
 f - 4 scrolls of remove curse {@r2}
 k - 3 scrolls of fog
 r - 4 scrolls of magic mapping {@r5}
 w - a scroll of teleportation {@r3}
 x - a scroll of immolation {@r4}
Potions
 b - 2 potions of degeneration
 d - 2 potions of might {@q3}
 h - a potion of heal wounds {@q2}
 i - 2 potions of berserk rage
 n - a potion of invisibility
 o - a potion of lignification {@q7}
 p - 4 potions of curing {@q1}
 q - a potion of mutation
 s - a potion of magic
 t - 2 potions of haste {@q4}
 v - a potion of cancellation
 B - a potion of stabbing {@q5}


   Skills:
 + Level 8.4 Fighting
 * Level 13.1 Axes
 + Level 10.0 Armour
 + Level 10.0 Shields
 * Level 9.5 Invocations


You had 11 spell levels left.
You didn't know any spells.
Your spell library was empty.

Dungeon Overview and Level Annotations

Branches:
Dungeon (12/15)            Temple (1/1) D:6            Lair (0/6) D:10
    Orc (0/2) D:11

Altars:
Ashenzari
Cheibriados
Dithmenos
Makhleb
Nemelex Xobeh
Okawaru
Qazlal
Ru
Sif Muna
Trog
Wu Jian
Zin
The Shining One

Shops:
D:9 !?

Annotations:
D:4 1 runed translucent door, Lanoc's ghost, amateur NaCK


Innate Abilities, Weirdness & Mutations

You are resistant to damage.
You can heal yourself by infusing magical energy.
You passively map the area around you.
You do not regenerate.


Message History

The green ugly thing basks in the mutagenic energy from its kin and changes!
You block the green ugly thing's attack.
You hit the green ugly thing.
The green ugly thing is moderately wounded.
The green ugly thing basks in the mutagenic energy from its kin and changes!
You block the green ugly thing's attack.
You hit the green ugly thing.
The green ugly thing is heavily wounded.
The green ugly thing kicks you!
You are poisoned.
The green ugly thing poisons you!
You hit the green ugly thing but do no damage.
The green ugly thing is heavily wounded.
You feel very sick.
The green ugly thing basks in the mutagenic energy from its kin and changes!
You slash the white ugly thing!
The white ugly thing is poisoned.
The white ugly thing is severely wounded.
You slash the white ugly thing!
The white ugly thing looks as sick as possible!
You feel sick.
The white ugly thing pecks you but does no damage.
You hit the white ugly thing but do no damage.
The white ugly thing looks even sicker.
The white ugly thing is severely wounded.
You barely miss the white ugly thing.
You feel sick.
You slice the white ugly thing!!
You kill the white ugly thing!
Makhleb accepts your kill.
You feel better.
Your Shields skill increases to level 10!
You slash the white ugly thing! You closely miss the white ugly thing.
You feel sick. The white ugly thing pecks you!
The white ugly thing freezes you!
You block the white ugly thing's attack.
You slash the white ugly thing!
The white ugly thing looks as sick as possible!
The white ugly thing is heavily wounded.
You barely miss the white ugly thing.
You feel sick.
The white ugly thing pecks you but does no damage.
The white ugly thing engulfs you. The white ugly thing freezes you!
You barely miss the white ugly thing.
The white ugly thing is heavily wounded.
You hit the white ugly thing.
The white ugly thing is poisoned.
You closely miss the green ugly thing. The white ugly thing pecks you!
The white ugly thing freezes you!!
You block the white ugly thing's attack.
The green ugly thing basks in the mutagenic energy from its kin and changes!
You closely miss the white ugly thing.
The white ugly thing is heavily wounded.
You slash the white ugly thing!
The white ugly thing looks as sick as possible!
You closely miss the white ugly thing.
The white ugly thing pecks you but does no damage.
You completely miss the white ugly thing.
The white ugly thing is severely wounded.
You closely miss the white ugly thing.
You hit the white ugly thing but do no damage.
The white ugly thing engulfs you. The white ugly thing freezes you!!
* * * LOW HITPOINT WARNING * * *
The white ugly thing pecks you but does no damage.
You are too injured to fight recklessly!
You are too injured to fight recklessly!
You are too injured to fight recklessly!
There are monsters nearby!
There are monsters nearby!
There are monsters nearby!
There are monsters nearby!
There are monsters nearby!
You are too injured to fight recklessly!
You are too injured to fight recklessly!
You are too injured to fight recklessly!
You are too injured to fight recklessly!
You are too injured to fight recklessly!
You are too injured to fight recklessly!
You are too injured to fight recklessly!
You are too injured to fight recklessly!
You are too injured to fight recklessly!
You are too injured to fight recklessly!
You are too injured to fight recklessly!
You are too injured to fight recklessly!
You are too injured to fight recklessly!
You are too injured to fight recklessly!
You are too injured to fight recklessly!
You slash the white ugly thing!
The white ugly thing looks as sick as possible!
The white ugly thing is moderately wounded.
You hit the white ugly thing.
The white ugly thing looks as sick as possible!
Your plate armour prevents you from hitting the white ugly thing.
The white ugly thing engulfs you. The white ugly thing freezes you!!
* * * LOW HITPOINT WARNING * * *
You block the white ugly thing's attack. x2
You slash the white ugly thing!
The white ugly thing looks as sick as possible!
The white ugly thing is heavily wounded.
You barely miss the white ugly thing. x2
The white ugly thing kicks you but does no damage.
You block the white ugly thing's attack.
The white ugly thing pecks you. The white ugly thing freezes you!!
You die...

, , , ,,
, , , ,
,,* , , ,
, ..# # ,
* , *
##.#≈#, ,
, , * ,,
, ,
#...≈# ≈
* #..#≈#
,,,, ≈ ,
, #...≈ ,
* * *
#...≈*,
,, ,
,#uu#≈ ,
* ***
#####u@#
** * * *
,
#......#
≈ ≈ ≈ ,
,#......#
* * , ,
,,
#......#
,*
#.....##
, #.....#
* #.....#
,#.....#
, #.....#


You could see 3 ugly things.

Vanquished Creatures
  Josephine (D:12)
  2 two-headed ogres
  Erica (D:10)
  Nergalle (D:10)
  An unseen horror (D:8)
  Pikel (D:7)
  2 ugly things
  8 deep elf magi (D:11)
  Joseph (D:10)
  4 trolls
  Grinder (D:6)
  A shadow (D:12)
  A vampire (D:11)
  2 wyverns
  Eustachio (D:5)
  5 wraiths
  5 yaks (D:10)
  Menkaure (D:6)
  An acid dragon (D:12)
  Duvessa (D:4)
  4 orc warriors
  3 porcupines (D:10)
  3 ice beasts
  4 sky beasts
  2 phantoms
  A necrophage (D:6)
  6 ogres
  5 centaurs
  2 lemures (D:7)
  3 crocodiles (D:10)
  10 bullfrogs
  5 scorpions
  Dowan (D:4)
  9 killer bees
  14 wights
  3 howler monkeys
  5 electric eels (D:9)
  2 centaur zombies
  2 hounds (D:6)
  5 jellies
  3 centaur skeletons
  8 orc priests
  6 orc wizards
  3 bullfrog skeletons
  3 iguanas
  9 worker ants
  A hound zombie (D:10)
  Robin (D:2)
  A worker ant zombie (D:7)
  3 howler monkey skeletons
  7 adders
  2 shadow imps (D:9)
  A white imp (D:7)
  An ufetubus (D:8)
  An ooze (D:4)
  An adder zombie (D:8)
  2 adder skeletons
  A worm (D:3)
  4 leopard geckos
  37 orcs
  3 giant cockroaches
  10 goblins
  7 hobgoblins
  12 jackals
  4 kobolds
  3 quokkas
  2 bats (D:3)
  2 frilled lizards (D:5)
  A jackal skeleton (D:4)
  A jackal zombie (D:7)
  2 leopard gecko skeletons
  A quokka skeleton (D:3)
  A quokka zombie (D:6)
  A bush (D:10)
275 creatures vanquished.

Vanquished Creatures (others)
  A manticore (D:12)
  3 orcs (D:9)
  2 fungi (D:10)
  9 plants
15 creatures vanquished.

Grand Total: 290 creatures vanquished

Notes
Turn   | Place    | Note
-------+----------+-------------------------------------------
     0 | D:1      | EnegeticOcto the Deep Dwarf Fighter began the quest for the
                  | Orb.
     0 | D:1      | Reached XP level 1. HP: 20/20 MP: 1/1
    58 | D:2      | Noticed Robin
    62 | D:2      | Reached XP level 2. HP: 20/27 MP: 2/2
    70 | D:2      | Killed Robin
    70 | D:2      | Reached skill level 3 in Axes
    70 | D:2      | Reached XP level 3. HP: 13/33 MP: 3/3
   302 | D:3      | Reached XP level 4. HP: 18/42 MP: 4/4
   470 | D:4      | Noticed an ogre
   480 | D:4      | Killed an ogre
   480 | D:4      | Reached skill level 4 in Axes
   480 | D:4      | Reached XP level 5. HP: 49/49 MP: 4/4
   489 | D:4      | Noticed a phantom
   504 | D:4      | Killed a phantom
   504 | D:4      | Reached XP level 6. HP: 53/57 MP: 5/5
   514 | D:4      | Noticed Dowan
   523 | D:4      | Killed Dowan
   523 | D:4      | Reached skill level 5 in Axes
   537 | D:4      | Found a runed translucent door.
   540 | D:4      | Noticed Lanoc's ghost (amateur NaCK)
   567 | D:4      | Noticed Duvessa
   588 | D:4      | Killed Duvessa
   588 | D:4      | Reached XP level 7. HP: 41/64 MP: 5/5
   619 | D:4      | Found an ornate altar of the Wu Jian Council.
   658 | D:4      | Reached skill level 5 in Armour
   658 | D:4      | Reached skill level 5 in Shields
   987 | D:5      | Entered Level 5 of the Dungeon
   997 | D:5      | Reached skill level 6 in Axes
  1136 | D:5      | Noticed Eustachio
  1204 | D:5      | Killed Eustachio
  1204 | D:5      | Reached XP level 8. HP: 46/73 MP: 5/5
  1273 | D:5      | Reached skill level 7 in Axes
  1508 | D:6      | Noticed Menkaure
  1551 | D:6      | Reached skill level 5 in Fighting
  1559 | D:6      | Killed Menkaure
  1598 | D:6      | Reached skill level 8 in Axes
  1642 | D:6      | Found a staircase to the Ecumenical Temple.
  1658 | D:6      | Noticed Grinder
  1661 | D:6      | Paralysed by Grinder for 4 turns
  1675 | D:6      | Paralysed by Grinder for 7 turns
  1696 | D:6      | Paralysed by Grinder for 6 turns
  1704 | D:6      | Killed Grinder
  1731 | D:6      | Gained mutation: You passively map the area around you.
                  | [Deep Dwarf growth]
  1731 | D:6      | Reached XP level 9. HP: 72/81 MP: 2/2
  1748 | Temple   | Entered the Ecumenical Temple
  1769 | Temple   | Became a worshipper of Makhleb the Destroyer
  1822 | D:6      | Found a sparkling altar of Nemelex Xobeh.
  1822 | D:6      | Found a snail-covered altar of Cheibriados.
  1859 | D:6      | Reached skill level 1 in Invocations
  2126 | D:6      | Reached skill level 9 in Axes
  2255 | D:7      | Noticed Pikel
  2275 | D:7      | Killed Pikel
  2351 | D:7      | Found a transporter.
  2356 | D:7      | Found a transporter.
  2536 | D:7      | Reached * piety under Makhleb
  3154 | D:8      | Reached skill level 10 in Axes
  3154 | D:8      | Reached XP level 10. HP: 46/92 MP: 4/4
  3184 | D:8      | Killed an unseen horror
  3786 | D:9      | Found a stormy altar of Qazlal.
  3830 | D:9      | Reached ** piety under Makhleb
  3831 | D:9      | Reached skill level 5 in Invocations
  3859 | D:9      | Found Oxuzuigg's Magic Scroll Shop.
  3890 | D:9      | Noticed a two-headed ogre
  3919 | D:9      | Killed a two-headed ogre
  4032 | D:9      | Found Oheapuib's Distillery.
  4241 | D:9      | Found a sacrificial altar of Ru.
  4266 | D:9      | Reached skill level 11 in Axes
  4331 | D:10     | Entered Level 10 of the Dungeon
  4373 | D:10     | Noticed Nergalle
  4389 | D:10     | Killed Nergalle
  4415 | D:10     | Noticed Erica
  4426 | D:10     | Killed Erica
  4426 | D:10     | Reached XP level 11. HP: 100/100 MP: 2/2
  4514 | D:10     | Found a staircase to the Lair.
  4623 | D:10     | Noticed Joseph
  4641 | D:10     | Killed Joseph
  4641 | D:10     | Reached *** piety under Makhleb
  4660 | D:10     | Found a bloodstained altar of Trog.
  4689 | D:10     | Noticed a two-headed ogre
  4700 | D:10     | Killed a two-headed ogre
  4967 | D:10     | Reached skill level 12 in Axes
  5587 | D:11     | Noticed a deep elf mage
  5597 | D:11     | Killed a deep elf mage
  5597 | D:11     | Noticed a deep elf mage
  5597 | D:11     | Noticed a deep elf mage
  5599 | D:11     | Noticed a deep elf mage
  5602 | D:11     | Noticed a deep elf mage
  5603 | D:11     | Killed a deep elf mage
  5605 | D:11     | Noticed a deep elf mage
  5607 | D:11     | Killed a deep elf mage
  5607 | D:11     | Noticed a deep elf mage
  5610 | D:11     | Noticed a deep elf mage
  5610 | D:11     | Killed a deep elf mage
  5616 | D:11     | Noticed a sixfirhy
  5723 | D:11     | Killed a deep elf mage
  5747 | D:11     | Killed a deep elf mage
  5772 | D:11     | Killed a deep elf mage
  5812 | D:11     | Killed a deep elf mage
  5992 | D:11     | Reached XP level 12. HP: 110/110 MP: 3/3
  6008 | D:11     | Found a staircase to the Orcish Mines.
  6292 | D:9      | Bought a scroll of acquirement for 572 gold pieces
  6292 | D:9      | Acquired a +1 broad axe of venom
  6408 | D:12     | Reached **** piety under Makhleb
  6433 | D:12     | Noticed Josephine
  6445 | D:12     | Reached skill level 13 in Axes
  6450 | D:12     | Killed Josephine
  6450 | D:12     | Reached skill level 10 in Armour
  6513 | D:12     | You fall into a shaft and drop 2 floors!
  6555 | D:14     | Reached skill level 10 in Shields
  6561 | D:14     | Mangled by a white ugly thing

Illustrated notes

Levels and vault maps discovered:
D:1:      ncdulo_wetmaze, layout_basic, serial_forest, infiniplex_forest_end_2,
          infiniplex_forest_lined_3, infiniplex_forest_lined_2,
          infiniplex_forest_clump_medium, infiniplex_forest_corner_1,
          infiniplex_forest_lined_3_way, infiniplex_forest_lined_room_3
D:2:      mumra_celtic_spiral_tile, layout_basic, uniq_jessica, uniq_robin,
          uniq_crazy_yiuf_cottage
D:3:      layout_rooms
D:4:      layout_cave_pools, lemuel_doored_altar, ebering_ghost_reflecting_pool,
          uniq_duvessa
D:5:      layout_rooms, minmay_misc_feat_more_columns, uniq_eustachio
D:6:      layout_rooms, gammafunk_temple_overflow_elements, temple_pool_b,
          kennysheep_generic_room_3, uniq_menkaure, uniq_grinder
D:7:      gammafunk_the_bubble [the_bubble_gammafunk_split], layout_basic,
          uniq_pikel
D:8:      layout_basic
D:9:      layout_rooms, kennysheep_mini, serial_shops, shop,
          nicolae_shop_waterfront, serial_bayou, serial_bayou_lake_a,
          serial_bayou_pond_c, serial_bayou_crossing, serial_bayou_pond_e,
          serial_bayou_pond_c, serial_bayou_pond_c,
          nicolae_qazlal_style_of_elements
D:10:     layout_loops_corners, minmay_lair_entry_grove, bloody_trog,
          uniq_erica, uniq_joseph, uniq_nergalle
D:11:     layout_grid_maze, orc_0_dummy, elves_outpost_lemuel
D:12:     layout_cave_pools, minmay_misc_feat_tiny, hangedman_decor_riveting,
          uniq_josephine
D:14:     layout_basic, hangedman_vaults_entry_quadrant_bands,
          gauntlet_entry_generic, corexii_corridor_pit, minmay_crystal_box
Temple:   compressed_dpeg_circular_temple

Skill      XL: |  1  2  3  4  5  6  7  8  9 10 11 12 |
---------------+-------------------------------------+-----
Axes           | 3 4 5 6 8 10 11 12 13 | 13.1
Fighting       | 3 4 5 6 7 8 |  8.4
Armour         | 4 5 6 7 8 9 10 | 10.0
Shields        | 4 5 6 7 8 9 10 | 10.0
Invocations    | 4 6 8 9 |  9.5

Action                   |  1- 3 |  4- 6 |  7- 9 | 10-12 || total
-------------------------+-------+-------+-------+-------++-------
Melee: War axe           |    99 |    80 |   423 |   412 ||  1014
       Broad axe         |       |       |       |    77 ||    77
 Abil: Heal Wounds       |     2 |     5 |    20 |    18 ||    45
  Use: Scroll            |       |       |    13 |    12 ||    25
Armor: Scale mail        |    58 |     3 |       |       ||    61
       Chain mail        |       |    49 |   286 |   150 ||   485
       Plate armour      |       |       |       |   170 ||   170
Dodge: Dodged            |    45 |    22 |   115 |   113 ||   295
Block: Kite shield       |    74 |    61 |   300 |   473 ||   908
       Reflection        |       |       |       |     9 ||     9

Table legend: (Time is in decaauts)
 A = Elapsed time spent in this place.
 B = Non-inter-level travel time spent in this place.
 C = Inter-level travel time spent in this place.
 D = Time resting spent in this place.
 E = Time spent auto-exploring this place.
 F = Levels seen in this place.
 G = Mean time per level.
                   A        B        C        D        E       F      G
               +--------+--------+--------+--------+--------+-----+--------+
         Total |   6751 |   6199 |    552 |      0 |   4136 |  14 |  482.2 |
       Dungeon |   6714 |   6177 |    537 |      0 |   4119 |  13 |  516.5 |
        Temple |     37 |     22 |     15 |      0 |     17 |   1 |   37.0 |
               +--------+--------+--------+--------+--------+-----+--------+

Top non-repeatable levels by time:
    D:11: 1048 daAuts
    D:10: 931 daAuts
     D:8: 904 daAuts
     D:6: 706 daAuts
     D:9: 642 daAuts
     D:7: 615 daAuts
     D:4: 584 daAuts
     D:5: 574 daAuts
     D:3: 317 daAuts
    D:12: 181 daAuts
     D:2: 108 daAuts
     D:1: 50 daAuts
    D:14: 47 daAuts
  Temple: 37 daAuts
